[Event "FIDE WYCC Open U18 2023"]
[Site "Montesilvano"]
[Date "2023.11.15"]
[Round "3.25"]
[White "Pegno, Mattia"]
[Black "Czernek, Tymon"]
[Result "0-1"]
[ECO "B53"]
[WhiteElo "2155"]
[BlackElo "2329"]
[Annotator "RC"]
[PlyCount "120"]
[EventDate "2023.11.13"]
[EventType "swiss"]
[EventCountry "ITA"]
[SourceTitle "playchess.com"]
[Source "ChessBase"]
[SourceQuality "1"]
[TimeControl "40/5400+30:1800+30"]

1. e4 c5 2. Nf3 d6 3. d4 cxd4 4. Qxd4 Nc6 5. Bb5 Bd7 6. Bxc6 Bxc6 7. c4 e6 8. O-O Nf6 9. Nc3 Be7 10. Rd1 O-O 11. Qd3 Qa5 12. Nd4 Rac8 13. b3 a6 14. a4 Rfd8 15. Ba3 Qh5 16. f3 Bf8 17. Qe3 Be8 18. Nde2 Qa5 19. Ra2 Bc6 20. Rad2 Qc7 21. Kh1 Rb8 22. Qf4 e5 23. Qe3 b5 24. axb5 axb5 25. Nd5 Bxd5 26. cxd5 b4 27. Rc1 Qa5 28. Bb2 Nd7 29. f4 g6 30. Rc6 Re8 31. f5 Nc5 32. h4 Qd8 33. g3 Rc8 34. Rxc8 Qxc8 35. Nc1 gxf5 36. Qg5+ Bg7 37. Qxf5 Qxf5 38. exf5 Bh6 39. Rg2 Ra8 40. Kh2 f6 41. Rc2 Bxc1 42. Bxc1 Nxb3 43. Be3 Na5 44. Bc1 b3 45. Rc3 Rb8 46. Bb2 Rb4 47. Rc8+ Kf7 48. Rc7+ Ke8 49. Rxh7 Nc4 50. Bc3 b2 51. Bxb2 Rxb2+ 52. Kh3 Ne3 53. g4 Rb3 54. Rh8+ Kf7 55. Rh7+ Kg8 56. Rd7 Nxf5+ 57. Kh2 Nxh4 58. Rxd6 Kf7 59. Re6 Rd3 60. g5 Nf3+ 0-1

[Event "FIDE WYCC Open U18 2023"]
[Site "Montesilvano"]
[Date "2023.11.15"]
[Round "3.26"]
[White "Prisacaru, Stefan-Emilian"]
[Black "Sahakyan, Aleks"]
[Result "0-1"]
[ECO "D45"]
[WhiteElo "2148"]
[BlackElo "2303"]
[Annotator "RC"]
[PlyCount "112"]
[EventDate "2023.11.13"]
[EventType "swiss"]
[EventCountry "ITA"]
[SourceTitle "playchess.com"]
[Source "ChessBase"]
[SourceQuality "1"]
[TimeControl "40/5400+30:1800+30"]

1. d4 Nf6 2. c4 e6 3. Nf3 d5 4. Nc3 c6 5. e3 Nbd7 6. Be2 Bd6 7. b3 O-O 8. O-O b6 9. Bb2 Bb7 10. Bd3 Rc8 11. Rc1 Re8 12. Re1 c5 13. cxd5 exd5 14. Ne2 Ne4 15. Ng3 Ndf6 16. dxc5 bxc5 17. Rc2 Bf8 18. Qa1 Qb6 19. Rd1 a5 20. Bxe4 Nxe4 21. Ne5 Nxg3 22. hxg3 Qb5 23. Nd3 a4 24. bxa4 Qxa4 25. Rdc1 Qe4 26. Nf4 Rc6 27. Re2 Rh6 28. Qb1 g5 29. Qxe4 dxe4 30. Nh3 Rg6 31. Rd2 h6 32. Kf1 Ra8 33. a3 Ba6+ 34. Ke1 Bd3 35. f3 Bd6 36. Nf2 Bxg3 37. Rxc5 exf3 38. gxf3 Ba6 39. Be5 Bxe5 40. Rxe5 Bb7 41. e4 Rxa3 42. Rd8+ Kg7 43. Ree8 Ra1+ 44. Kd2 Ra2+ 45. Ke3 Rb6 46. Rg8+ Kh7 47. Ng4 Rb3+ 48. Kd4 Ra4+ 49. Ke5 Ra5+ 50. Kd6 Rxf3 51. Ke7 Bxe4 52. Nf6+ Rxf6 53. Kxf6 Ra6+ 54. Ke7 f5 55. Kf8 Ra7 56. Rb8 Bd5 0-1

[Event "FIDE WYCC Open U18 2023"]
[Site "Montesilvano"]
[Date "2023.11.15"]
[Round "3.27"]
[White "Melian, Juan Sebastian"]
[Black "Sisic, Muhamed"]
[Result "1-0"]
[ECO "E17"]
[WhiteElo "2291"]
[BlackElo "2096"]
[Annotator "RC"]
[PlyCount "39"]
[EventDate "2023.11.13"]
[EventType "swiss"]
[EventCountry "ITA"]
[SourceTitle "playchess.com"]
[Source "ChessBase"]
[SourceQuality "1"]
[TimeControl "40/5400+30:1800+30"]

1. d4 d5 2. c4 e6 3. Nf3 Nf6 4. g3 b6 5. Bg2 Bb7 6. O-O Be7 7. cxd5 Nxd5 8. Re1 O-O 9. e4 Nf6 10. Nc3 Re8 11. Bf4 a6 12. Qc2 Nbd7 13. Rad1 Bf8 14. e5 Nd5 15. Ng5 g6 16. Nxd5 exd5 17. e6 f6 18. exd7 Rxe1+ 19. Rxe1 fxg5 20. Qxc7 1-0

[Event "FIDE WYCC Open U18 2023"]
[Site "Montesilvano"]
[Date "2023.11.15"]
[Round "3.28"]
[White "Qalichava, Akaki"]
[Black "Stepanencu, Nicodim-Cosmin"]
[Result "1/2-1/2"]
[ECO "C41"]
[WhiteElo "2141"]
[BlackElo "2289"]
[Annotator "ChessBase"]
[PlyCount "67"]
[EventDate "2023.11.13"]
[EventType "swiss"]
[EventCountry "ITA"]
[SourceTitle "playchess.com"]
[Source "ChessBase"]
[SourceQuality "1"]
[TimeControl "40/5400+30:1800+30"]

1. e4 d6 2. d4 Nf6 3. Nc3 e5 4. Nf3 exd4 5. Nxd4 Be7 6. Bc4 O-O 7. O-O c6 8. a4 d5 9. exd5 cxd5 10. Be2 Nc6 11. Re1 h6 12. Bf3 Bb4 13. Qd3 Bc5 14. Nb3 Nb4 15. Qd1 Bd6 16. Nb5 Bf5 17. N3d4 Bg6 18. Nxd6 Qxd6 19. b3 Rfc8 20. c3 Nd3 21. Re3 Nxc1 22. Rxc1 a6 23. Bg4 Re8 24. Rxe8+ Rxe8 25. Bf5 Bxf5 26. Nxf5 Qf4 27. Ne3 Re4 28. g3 Qe5 29. Qf3 g6 30. Kg2 Kg7 31. Rd1 h5 32. h4 Qe6 33. Rd2 Qe5 34. Rd1 1/2-1/2

[Event "FIDE WYCC Open U18 2023"]
[Site "Montesilvano"]
[Date "2023.11.15"]
[Round "3.29"]
[White "Chyzy, Jakub"]
[Black "Israilov, Agil"]
[Result "1-0"]
[ECO "B42"]
[WhiteElo "2286"]
[BlackElo "2070"]
[Annotator "ChessBase"]
[PlyCount "67"]
[EventDate "2023.11.13"]
[EventType "swiss"]
[EventCountry "ITA"]
[SourceTitle "playchess.com"]
[Source "ChessBase"]
[SourceQuality "1"]
[TimeControl "40/5400+30:1800+30"]

1. e4 c5 2. Nf3 e6 3. d4 cxd4 4. Nxd4 a6 5. Bd3 Bc5 6. Nb3 Ba7 7. Qe2 Ne7 8. Nc3 O-O 9. e5 Nbc6 10. Bg5 Qc7 11. O-O-O Ng6 12. f4 h6 13. h4 Re8 14. Bxg6 fxg6 15. h5 Qb6 16. Qg4 Qe3+ 17. Kb1 Nxe5 18. fxe5 Qxg5 19. Qxg5 hxg5 20. hxg6 Bb8 21. Ne4 Bxe5 22. Nxg5 Bf6 23. Nf7 Kf8 24. Nd6 Rd8 25. Nc5 Ke7 26. g4 b6 27. Nce4 Rf8 28. Rdf1 Rg8 29. Rxf6 gxf6 30. Rh7+ Kd8 31. Nf7+ Kc7 32. g7 Bb7 33. Nxf6 Rgc8 34. Nh6 1-0

[Event "FIDE WYCC Open U18 2023"]
[Site "Montesilvano"]
[Date "2023.11.15"]
[Round "3.30"]
[White "Ciszewski, Krzysztof"]
[Black "Eidelman, Gabriel"]
[Result "0-1"]
[ECO "D41"]
[WhiteElo "2120"]
[BlackElo "2284"]
[Annotator "ChessBase"]
[PlyCount "48"]
[EventDate "2023.11.13"]
[EventType "swiss"]
[EventCountry "ITA"]
[SourceTitle "playchess.com"]
[Source "ChessBase"]
[SourceQuality "1"]
[TimeControl "40/5400+30:1800+30"]

1. d4 d5 2. c4 e6 3. Nc3 c5 4. cxd5 cxd4 5. Qa4+ Bd7 6. Qxd4 exd5 7. Nf3 Nf6 8. e3 Nc6 9. Qd1 Be6 10. Be2 a6 11. O-O Bd6 12. b3 O-O 13. Bb2 Qe7 14. Rc1 Rad8 15. Qc2 Rfe8 16. Rfd1 Bb8 17. Na4 Ne4 18. Qb1 Bg4 19. Qa1 Nxf2 20. Rf1 Qxe3 21. Rxf2 Ba7 22. Rcf1 Qxe2 23. Bxg7 Bxf3 24. Qf6 Qxf2+ 0-1

[Event "FIDE WYCC Open U18 2023"]
[Site "Montesilvano"]
[Date "2023.11.15"]
[Round "3.32"]
[White "Nikolov, Yavor"]
[Black "Dreelinck, Adriaan"]
[Result "1-0"]
[ECO "A07"]
[WhiteElo "2067"]
[BlackElo "2264"]
[Annotator "ChessBase"]
[PlyCount "119"]
[EventDate "2023.11.13"]
[EventType "swiss"]
[EventCountry "ITA"]
[SourceTitle "playchess.com"]
[Source "ChessBase"]
[SourceQuality "1"]
[TimeControl "40/5400+30:1800+30"]

1. Nf3 Nf6 2. g3 g6 3. Bg2 Bg7 4. O-O O-O 5. d3 d5 6. Nbd2 b6 7. e4 dxe4 8. dxe4 Bb7 9. Qe2 Qc8 10. Re1 c5 11. h3 Nc6 12. e5 Nd5 13. c3 Rd8 14. Nf1 Qe6 15. h4 Nc7 16. Bf4 h6 17. Ne3 Rab8 18. Kh2 Nxe5 19. Nxe5 Bxe5 20. Bh3 f5 21. Nxf5 gxf5 22. Bxe5 Rbc8 23. Qc2 Qf7 24. Qxf5 Qxf5 25. Bxf5 e6 26. Bxc7 Rxc7 27. Bxe6+ Kg7 28. Rad1 Re8 29. Bh3 Rxe1 30. Rxe1 Bd5 31. b3 Rf7 32. f4 a5 33. c4 Bf3 34. Kg1 a4 35. Kf2 Bc6 36. Bg2 Bxg2 37. Kxg2 Rd7 38. bxa4 Rd2+ 39. Kf3 Rxa2 40. Re7+ Kf6 41. Ra7 h5 42. Ke4 Rd2 43. Ra6 Rd4+ 44. Ke3 Rxc4 45. Rxb6+ Kf5 46. Rh6 Rc3+ 47. Kd2 Rxg3 48. Rxh5+ Kxf4 49. Rxc5 Ra3 50. a5 Ke4 51. h5 Kd4 52. Rg5 Ra2+ 53. Kc1 Kc3 54. Kb1 Rh2 55. a6 Rh1+ 56. Ka2 Rh2+ 57. Ka3 Rh1 58. Ka4 Rb1 59. Ka5 Kc4 60. a7 1-0

[Event "FIDE WYCC Open U18 2023"]
[Site "Montesilvano"]
[Date "2023.11.16"]
[Round "4.1"]
[White "Elmi, Saad Abobaker"]
[Black "Ansat, Aldiyar"]
[Result "0-1"]
[ECO "B30"]
[WhiteElo "2321"]
[BlackElo "2418"]
[Annotator "RC"]
[PlyCount "58"]
[EventDate "2023.11.13"]
[EventType "swiss"]
[EventCountry "ITA"]
[SourceTitle "playchess.com"]
[Source "ChessBase"]
[SourceQuality "1"]
[TimeControl "40/5400+30:1800+30"]

1. e4 c5 2. Nf3 Nc6 3. Bb5 e6 4. O-O Nge7 5. Re1 Ng6 6. c3 d5 7. h4 dxe4 8. Rxe4 Bd6 9. h5 Nge7 10. d4 a6 11. Bd3 h6 12. Qe2 cxd4 13. cxd4 Nb4 14. Bc4 b5 15. Bb3 Nbd5 16. Nc3 Nf6 17. Rh4 Nf5 18. Rh3 O-O 19. g4 Nxg4 20. Qe4 Nf6 21. Qxa8 Qb6 22. a4 bxa4 23. Bc4 Bb7 24. Nxa4 Qc6 25. Qa7 Qe4 26. Bf4 Qxf4 27. Qxb7 Qg4+ 28. Kf1 Qxh3+ 29. Ke2 Qg4 0-1

[Event "FIDE WYCC Open U18 2023"]
[Site "Montesilvano"]
[Date "2023.11.16"]
[Round "4.2"]
[White "Murzin, Volodar"]
[Black "Ilamparthi A R"]
[Result "1/2-1/2"]
[ECO "D32"]
[WhiteElo "2625"]
[BlackElo "2385"]
[Annotator "TA"]
[PlyCount "84"]
[EventDate "2023.11.13"]
[EventType "swiss"]
[EventCountry "ITA"]
[SourceTitle "playchess.com"]
[Source "ChessBase"]
[SourceQuality "1"]
[TimeControl "40/5400+30:1800+30"]

1. d4 d5 2. c4 e6 3. Nf3 Nf6 4. Nc3 c5 5. cxd5 cxd4 6. Qxd4 exd5 7. e3 Nc6 8. Qd1 Bd6 {8...Bb4 might become the main line.} 9. Be2 O-O 10. O-O Bg4 {D32: Tarrasch Defence: Sidelines and lines without g3.} 11. h3 {[#]} Bf5 $146 ({Predecessor:} 11... Be6 12. b3 a6 13. Bb2 Re8 14. Rc1 Rc8 15. Na4 Ne4 16. Nc3 Nf6 {1-0 Sebenik,M (2538)-Santos Latasa,J (2668) EU-ch Blitz Katowice 2022 (15)}) 12. Nb5 Bb8 {The position is equal.} 13. Nbd4 Nxd4 14. Nxd4 {[#]} Qd6 $1 15. f4 Be4 16. Bd2 Qe7 17. Bc3 Bd6 18. Nb5 Bc5 19. Bd4 Rfc8 20. Rc1 a6 21. Bxc5 Rxc5 22. Nd4 Rac8 23. Qd2 h5 24. Qb4 Bd3 {[%mdl 64] Discovered Attack, Decoy} 25. Rxc5 (25. Bxd3 $2 {perishes.} Qxe3+ 26. Kh2 Rxc1 $19) 25... Rxc5 26. Qd2 Bxe2 27. Qxe2 Ne4 {aiming for ...Ng3.} 28. Kh2 {Repels Ng3} g6 29. Rd1 Qc7 30. Qe1 g5 31. Ne2 f6 32. Rc1 Kf7 33. Rxc5 Qxc5 ({But not} 33... Nxc5 34. Qd1 $16) 34. Ng3 gxf4 35. Nxe4 dxe4 36. exf4 $11 {[%mdl 4096] Endgame KQ-KQ} Qd4 {Threatens to win with ...e3.} 37. Qe2 Kg6 38. g4 $1 hxg4 39. Qxg4+ Kf7 40. Kg3 $1 Qd3+ 41. Kf2 Qd2+ 42. Kf1 {[#]} (42. Kg3 $11 {keeps the balance.}) 42... Qc1+ {Weighted Error Value: White=0.06 (flawless) /Black=0.03 (flawless)} (42... e3 $1 $17 43. Qh5+ Ke7) 1/2-1/2

[Event "FIDE WYCC Open U18 2023"]
[Site "Montesilvano"]
[Date "2023.11.16"]
[Round "4.3"]
[White "Bicer, Atakan Mert"]
[Black "Galaviz Medina, Sion Radamantys"]
[Result "0-1"]
[ECO "B96"]
[WhiteElo "2318"]
[BlackElo "2461"]
[Annotator "RC"]
[PlyCount "56"]
[EventDate "2023.11.13"]
[EventType "swiss"]
[EventCountry "ITA"]
[SourceTitle "playchess.com"]
[Source "ChessBase"]
[SourceQuality "1"]
[TimeControl "40/5400+30:1800+30"]

1. e4 c5 2. Nf3 d6 3. d4 cxd4 4. Nxd4 Nf6 5. Nc3 a6 6. Bg5 e6 7. f4 Qc7 8. Qe2 Nbd7 9. O-O-O b5 10. Ndxb5 axb5 11. Nxb5 Qc6 12. e5 dxe5 13. fxe5 Nd5 14. Rxd5 h6 15. Bh4 Rxa2 16. Kb1 Ra4 17. c4 exd5 18. Nd6+ Bxd6 19. exd6+ Ne5 20. Qxe5+ Be6 21. Qxg7 Bf5+ 22. Kc1 Rxc4+ 23. Bxc4 Qxc4+ 24. Qc3 Qf4+ 25. Kd1 Bg4+ 26. Ke1 O-O 27. Rf1 Re8+ 28. Be7 Qxd6 0-1

[Event "FIDE WYCC Open U18 2023"]
[Site "Montesilvano"]
[Date "2023.11.16"]
[Round "4.4"]
[White "Kostolansky, Sebastian Lukas"]
[Black "Wong, Zhenyong Jayden"]
[Result "1/2-1/2"]
[ECO "B22"]
[WhiteElo "2427"]
[BlackElo "2356"]
[Annotator "RC"]
[PlyCount "115"]
[EventDate "2023.11.13"]
[EventType "swiss"]
[EventCountry "ITA"]
[SourceTitle "playchess.com"]
[Source "ChessBase"]
[SourceQuality "1"]
[TimeControl "40/5400+30:1800+30"]

1. e4 c5 2. Nf3 e6 3. c3 d5 4. exd5 Qxd5 5. d4 Nf6 6. Na3 Nc6 7. Nb5 Qd8 8. dxc5 Bxc5 9. Qxd8+ Kxd8 10. b4 Be7 11. Bb2 Bd7 12. Rd1 Ne8 13. Be2 a6 14. Nbd4 Nxd4 15. Nxd4 Kc7 16. O-O a5 17. a3 Nd6 18. c4 axb4 19. c5 Ne4 20. axb4 Ra2 21. Nb5+ Bxb5 22. Bxb5 Rxb2 23. Rd7+ Kb8 24. c6 Nd6 25. Rxe7 Rxb4 26. c7+ Ka7 27. Be2 Rc8 28. Rd1 Nb5 29. Bxb5 Rxb5 30. Rxf7 Rc5 31. Rxg7 R5xc7 32. Rxc7 Rxc7 33. f4 b5 34. Kf2 b4 35. Ke3 Kb6 36. g4 Kb5 37. f5 exf5 38. gxf5 b3 39. Ke4 Re7+ 40. Kf4 Kc4 41. f6 Rb7 42. Ke5 b2 43. Rb1 Kc3 44. Ke6 Kc2 45. Rxb2+ Kxb2 46. f7 Rb8 47. Ke7 Kc3 48. f8=Q Rxf8 49. Kxf8 Kd4 50. Kg7 h5 51. h4 Ke5 52. Kg6 Ke6 53. Kxh5 Kf7 54. Kh6 Kg8 55. h5 Kh8 56. Kg6 Kg8 57. h6 Kh8 58. h7 1/2-1/2

[Event "FIDE WYCC Open U18 2023"]
[Site "Montesilvano"]
[Date "2023.11.16"]
[Round "4.5"]
[White "Arfan, Aditya Bagus"]
[Black "Goroshkov, Maksym"]
[Result "1-0"]
[ECO "C09"]
[WhiteElo "2415"]
[BlackElo "2303"]
[Annotator "RC"]
[PlyCount "107"]
[EventDate "2023.11.13"]
[EventType "swiss"]
[EventCountry "ITA"]
[SourceTitle "playchess.com"]
[Source "ChessBase"]
[SourceQuality "1"]
[TimeControl "40/5400+30:1800+30"]

1. e4 e6 2. d4 d5 3. Nd2 c5 4. exd5 exd5 5. dxc5 Bxc5 6. Nb3 Bb6 7. Nf3 Nc6 8. Nbd4 Nge7 9. Bg5 h6 10. Be3 O-O 11. Bd3 Bg4 12. Qc1 Bxd4 13. Nxd4 Nxd4 14. Bxd4 Nc6 15. Qf4 f5 16. h4 Qe7+ 17. Kd2 Qb4+ 18. c3 Qxb2+ 19. Bc2 Na5 20. f3 Nc4+ 21. Kd3 Qb5 22. a4 Qa6 23. Ke2 Na3+ 24. Bd3 Rae8+ 25. Be3 Nc4 26. Bxc4 dxc4 27. Kf2 Bh5 28. Rhd1 Qf6 29. Bc5 Rf7 30. Bd4 Qc6 31. Re1 Kh7 32. a5 Re4 33. Qb8 Rxh4 34. Re8 Qc7 35. Rh8+ Kg6 36. Qxc7 Rxc7 37. Be5 Rd7 38. Kg3 Rd5 39. Bb8 Rd2 40. Rg1 Bxf3 41. Kxh4 Bg4 42. Kg3 Rd3+ 43. Kh2 Rxc3 44. Bf4 Rc2 45. Rc1 Ra2 46. Rxc4 Rxa5 47. Rc7 Ra4 48. Be5 f4 49. Rf8 f3 50. gxf3 Be6 51. Rxg7+ Kh5 52. Rf6 Rh4+ 53. Kg3 Bc8 54. Bf4 1-0

[Event "FIDE WYCC Open U18 2023"]
[Site "Montesilvano"]
[Date "2023.11.16"]
[Round "4.6"]
[White "Mierins, Emils Janis"]
[Black "Juhasz, Agoston"]
[Result "0-1"]
[ECO "B51"]
[WhiteElo "2208"]
[BlackElo "2401"]
[Annotator "RC"]
[PlyCount "112"]
[EventDate "2023.11.13"]
[EventType "swiss"]
[EventCountry "ITA"]
[SourceTitle "playchess.com"]
[Source "ChessBase"]
[SourceQuality "1"]
[TimeControl "40/5400+30:1800+30"]

1. e4 c5 2. Nf3 d6 3. Bb5+ Nd7 4. O-O a6 5. Bd3 Ngf6 6. c3 e6 7. Re1 b5 8. a4 c4 9. Bc2 Bb7 10. d4 cxd3 11. Qxd3 Nc5 12. Qe2 bxa4 13. Be3 Nfd7 14. Rd1 Qc7 15. Nbd2 Be7 16. Nc4 O-O 17. Bf4 e5 18. Bg5 f6 19. Bc1 Rfd8 20. Ne3 Nb6 21. Nf5 Bf8 22. c4 Nb3 23. Bxb3 axb3 24. Nd2 a5 25. Nxb3 Qxc4 26. Qg4 Kh8 27. Nd2 Qe6 28. Nf3 g6 29. Ne3 Qxg4 30. Nxg4 Be7 31. Re1 h5 32. Nh6 Kg7 33. g4 hxg4 34. Nd2 Bc8 35. Nf1 Rh8 36. Ng3 Be6 37. Ra3 Rhc8 38. f4 gxf3 39. Rxf3 Rc2 40. h3 Bxh3 41. Ngf5+ Bxf5 42. exf5 Rac8 43. fxg6 Rxc1 44. Nf5+ Kxg6 45. Nxe7+ Kf7 46. Nxc8 Rxe1+ 47. Kf2 Rb1 48. Nxd6+ Ke6 49. Ne8 Rxb2+ 50. Ke1 Nd5 51. Ng7+ Kd6 52. Ra3 Rg2 53. Nf5+ Ke6 54. Nh4 Rg4 55. Nf3 a4 56. Kf2 Rb4 0-1

[Event "FIDE WYCC Open U18 2023"]
[Site "Montesilvano"]
[Date "2023.11.16"]
[Round "4.7"]
[White "Dzida, Kamil"]
[Black "Khoder, Akram"]
[Result "1/2-1/2"]
[ECO "B31"]
[WhiteElo "2399"]
[BlackElo "2191"]
[Annotator "RC"]
[PlyCount "144"]
[EventDate "2023.11.13"]
[EventType "swiss"]
[EventCountry "ITA"]
[SourceTitle "playchess.com"]
[Source "ChessBase"]
[SourceQuality "1"]
[TimeControl "40/5400+30:1800+30"]

1. e4 c5 2. Nf3 Nc6 3. Bb5 g6 4. Bxc6 dxc6 5. O-O Bg7 6. d3 Qc7 7. h3 e5 8. Be3 b6 9. a4 a5 10. Nfd2 Be6 11. f4 exf4 12. Bxf4 Qd7 13. Na3 b5 14. axb5 cxb5 15. c4 Ne7 16. Nxb5 O-O 17. Qe2 a4 18. e5 Nc6 19. Ne4 Nd4 20. Qe3 Nc2 21. Qg3 Nxa1 22. Rxa1 f6 23. Re1 fxe5 24. Bxe5 Bf5 25. Nxc5 Bxe5 26. Qxe5 Qg7 27. Qxg7+ Kxg7 28. Nd6 Rfb8 29. Re2 a3 30. bxa3 Rxa3 31. d4 Bd3 32. Re7+ Kh6 33. Nf7+ Kh5 34. Re3 Rf8 35. Ne5 Ra1+ 36. Kh2 Bf1 37. Ne4 Ra2 38. Ng3+ Kh6 39. Ng4+ Kg7 40. Re7+ Kh8 41. Nxf1 Rxf1 42. c5 h5 43. Ne5 Rff2 44. Nxg6+ Kg8 45. Nh4 Rf4 46. c6 Rxh4 47. c7 Rc2 48. d5 Rd4 49. Re8+ Kg7 50. c8=Q Rxc8 51. Rxc8 Rxd5 52. Kg3 Kg6 53. Rc6+ Kg7 54. Kf4 Ra5 55. Re6 Ra2 56. g3 h4 57. g4 Rh2 58. Re3 Kg6 59. Re6+ Kg7 60. Kg5 Rxh3 61. Re7+ Kg8 62. Kg6 Kf8 63. Ra7 Rh1 64. g5 h3 65. Ra8+ Ke7 66. Rh8 h2 67. Rh3 Kf8 68. Rf3+ Kg8 69. Rf2 Ra1 70. Rxh2 Ra6+ 71. Kh5 Kg7 72. Rb2 Ra7 1/2-1/2

[Event "FIDE WYCC Open U18 2023"]
[Site "Montesilvano"]
[Date "2023.11.16"]
[Round "4.8"]
[White "Popov, Konstantin"]
[Black "Olsson, William"]
[Result "1/2-1/2"]
[ECO "C65"]
[WhiteElo "2345"]
[BlackElo "2372"]
[Annotator "RC"]
[PlyCount "151"]
[EventDate "2023.11.13"]
[EventType "swiss"]
[EventCountry "ITA"]
[SourceTitle "playchess.com"]
[Source "ChessBase"]
[SourceQuality "1"]
[TimeControl "40/5400+30:1800+30"]

1. e4 e5 2. Nf3 Nc6 3. Bb5 Nf6 4. d3 Bc5 5. Bxc6 dxc6 6. Nbd2 Be6 7. O-O Nd7 8. Nb3 Be7 9. d4 exd4 10. Nbxd4 Bg4 11. h3 Bh5 12. Nf5 O-O 13. Bf4 Bf6 14. g4 Bg6 15. g5 Bxf5 16. exf5 Be7 17. Re1 Re8 18. Nh4 Bc5 19. Qg4 Bd6 20. Nf3 Nb6 21. Bd2 Qd7 22. c4 c5 23. Bc3 Rxe1+ 24. Rxe1 Re8 25. Rxe8+ Qxe8 26. b3 Nd7 27. Kg2 Nf8 28. Nd2 Nd7 29. Qe4 Qxe4+ 30. Nxe4 Be7 31. h4 f6 32. Kf3 Kf7 33. Kg4 Nb8 34. Bd2 Nc6 35. Bf4 Nb4 36. a3 Nc2 37. Bxc7 Nxa3 38. Bb8 b5 39. Bxa7 bxc4 40. bxc4 Nxc4 41. Bxc5 Ne5+ 42. Kg3 Bxc5 43. Nxc5 h6 44. gxh6 gxh6 45. Kf4 Ke7 46. Ke4 Kf7 47. Nb3 Ke7 48. Nd4 Kf7 49. f3 Ke7 50. Nc2 Kf7 51. Ne3 Kg7 52. Ng4 Nc4 53. Kd5 Nd2 54. f4 h5 55. Nh2 Kf7 56. Kd4 Nb3+ 57. Ke3 Kg7 58. Nf1 Kh6 59. Nd2 Nc1 60. Ne4 Kg7 61. Ng3 Kh6 62. Kd4 Nb3+ 63. Kc3 Na5 64. Kb4 Nc6+ 65. Kc5 Na5 66. Kd5 Nb3 67. Ne4 Kg7 68. Kc4 Nc1 69. Ng3 Kh6 70. Kc3 Na2+ 71. Kd4 Nb4 72. Kc4 Nc2 73. Kd5 Ne3+ 74. Ke6 Ng2 75. Ne2 Kg7 76. Ng3 1/2-1/2

[Event "FIDE WYCC Open U18 2023"]
[Site "Montesilvano"]
[Date "2023.11.16"]
[Round "4.9"]
[White "Amilal Munkhdalai"]
[Black "Chen, Hongsen"]
[Result "1-0"]
[ECO "B04"]
[WhiteElo "2404"]
[BlackElo "2061"]
[Annotator "RC"]
[PlyCount "91"]
[EventDate "2023.11.13"]
[EventType "swiss"]
[EventCountry "ITA"]
[SourceTitle "playchess.com"]
[Source "ChessBase"]
[SourceQuality "1"]
[TimeControl "40/5400+30:1800+30"]

1. e4 Nf6 2. e5 Nd5 3. d4 d6 4. Nf3 g6 5. h3 Bg7 6. exd6 cxd6 7. c4 Nb6 8. Nc3 O-O 9. Be2 Nc6 10. O-O e5 11. Be3 Re8 12. Qd2 Bf5 13. d5 e4 14. Nd4 Nxd4 15. Bxd4 Bxd4 16. Qxd4 Qg5 17. Qe3 Qxe3 18. fxe3 Bd7 19. g4 f5 20. gxf5 gxf5 21. Kh2 Kh8 22. Rg1 Rg8 23. h4 Raf8 24. Raf1 a5 25. b3 h6 26. Rxg8+ Rxg8 27. Rb1 Rc8 28. Kg3 Rg8+ 29. Kf2 Rc8 30. Bh5 Na8 31. Rg1 Rg8 32. Rc1 Nc7 33. Ne2 Na6 34. Nf4 Nc5 35. Be2 Kg7 36. Rb1 Kf6 37. a3 Rc8 38. Rg1 Be8 39. Rg8 Nxb3 40. Bh5 Bd7 41. Rg6+ Ke5 42. Rg7 Rc7 43. c5 Rxc5 44. Re7+ Kf6 45. Kg3 Rc2 46. Re6+ 1-0

[Event "FIDE WYCC Open U18 2023"]
[Site "Montesilvano"]
[Date "2023.11.16"]
[Round "4.11"]
[White "Razafindratsima, Timothe"]
[Black "Kristoferitsch, Daniel"]
[Result "1-0"]
[ECO "C02"]
[WhiteElo "2462"]
[BlackElo "2270"]
[Annotator "RC"]
[PlyCount "87"]
[EventDate "2023.11.13"]
[EventType "swiss"]
[EventCountry "ITA"]
[SourceTitle "playchess.com"]
[Source "ChessBase"]
[SourceQuality "1"]
[TimeControl "40/5400+30:1800+30"]

1. e4 e6 2. d4 d5 3. e5 c5 4. c3 Nc6 5. Nf3 Bd7 6. Be2 Nge7 7. O-O Ng6 8. Be3 Be7 9. Nbd2 O-O 10. Re1 a5 11. Bd3 cxd4 12. cxd4 a4 13. a3 h6 14. Bc2 b5 15. Nf1 Qc7 16. h4 Rfc8 17. h5 Nf8 18. Bd3 b4 19. N3h2 Qd8 20. Ng4 Bg5 21. axb4 Nxb4 22. Bb1 Rcb8 23. Bxg5 Qxg5 24. Ra3 Kh8 25. Nf6 gxf6 26. Rg3 f5 27. Rxg5 hxg5 28. Qc1 Nh7 29. Qc7 Rd8 30. Qc3 Rab8 31. Ne3 Rdc8 32. Qd2 Nc6 33. Bxf5 exf5 34. Nxd5 Be6 35. Nf6 Nxf6 36. exf6 Rg8 37. d5 Rbd8 38. Rxe6 fxe6 39. f7 Rg7 40. Qc3 Kh7 41. Qf6 Rf8 42. dxe6 f4 43. h6 Rg6 44. e7 1-0

[Event "FIDE WYCC Open U18 2023"]
[Site "Montesilvano"]
[Date "2023.11.16"]
[Round "4.12"]
[White "Liu, Casper"]
[Black "Davtyan, Arsen"]
[Result "1-0"]
[ECO "E04"]
[WhiteElo "2260"]
[BlackElo "2406"]
[Annotator "RC"]
[PlyCount "53"]
[EventDate "2023.11.13"]
[EventType "swiss"]
[EventCountry "ITA"]
[SourceTitle "playchess.com"]
[Source "ChessBase"]
[SourceQuality "1"]
[TimeControl "40/5400+30:1800+30"]

1. d4 Nf6 2. c4 e6 3. g3 d5 4. Bg2 Bb4+ 5. Nd2 O-O 6. Ngf3 dxc4 7. Qc2 a5 8. a3 Bxd2+ 9. Bxd2 b5 10. a4 c6 11. h4 Bb7 12. h5 h6 13. g4 Nxg4 14. Bh3 f5 15. Bxg4 fxg4 16. Rg1 gxf3 17. Rxg7+ Kxg7 18. Qg6+ Kh8 19. Qxh6+ Kg8 20. O-O-O Qf6 21. Rg1+ Kf7 22. Rg6 Nd7 23. Rxf6+ Nxf6 24. Bg5 fxe2 25. Qxf6+ Kg8 26. Qg6+ Kh8 27. Kd2 1-0

[Event "FIDE WYCC Open U18 2023"]
[Site "Montesilvano"]
[Date "2023.11.16"]
[Round "4.13"]
[White "Nguyen, Quoc Hy"]
[Black "Harshad S"]
[Result "1-0"]
[ECO "A28"]
[WhiteElo "2392"]
[BlackElo "2263"]
[Annotator "RC"]
[PlyCount "95"]
[EventDate "2023.11.13"]
[EventType "swiss"]
[EventCountry "ITA"]
[SourceTitle "playchess.com"]
[Source "ChessBase"]
[SourceQuality "1"]
[TimeControl "40/5400+30:1800+30"]

1. c4 Nf6 2. Nc3 e5 3. Nf3 Nc6 4. d3 Bb4 5. e4 a5 6. Be2 h6 7. O-O O-O 8. a3 Bxc3 9. bxc3 Re8 10. Ne1 d6 11. f4 exf4 12. Bxf4 Ne5 13. Nc2 c6 14. Ne3 Ng6 15. Qd2 d5 16. cxd5 cxd5 17. Nxd5 Nxd5 18. exd5 Nxf4 19. Rxf4 Qxd5 20. d4 Qd6 21. Raf1 Be6 22. c4 f6 23. Qd3 Bf7 24. c5 Qe7 25. Bf3 Rad8 26. Re4 Qd7 27. Rxe8+ Rxe8 28. d5 Rc8 29. Qd4 Qb5 30. d6 Rd8 31. Rd1 Kh8 32. h3 Be6 33. Kh2 Rc8 34. a4 Qb3 35. Rd2 Bd7 36. Rb2 Qxa4 37. Qxa4 Bxa4 38. Ra2 Bc6 39. Bxc6 bxc6 40. Rxa5 Kh7 41. Ra7 Kg6 42. Rc7 Rd8 43. Rxc6 Kf5 44. Rc7 Ke6 45. Rxg7 Rc8 46. Re7+ Kd5 47. Rc7 Rd8 48. d7 1-0

[Event "FIDE WYCC Open U18 2023"]
[Site "Montesilvano"]
[Date "2023.11.16"]
[Round "4.14"]
[White "Bai, Adelard"]
[Black "Jiang, Qinyu"]
[Result "1-0"]
[ECO "D35"]
[WhiteElo "2384"]
[BlackElo "2247"]
[Annotator "RC"]
[PlyCount "49"]
[EventDate "2023.11.13"]
[EventType "swiss"]
[EventCountry "ITA"]
[SourceTitle "playchess.com"]
[Source "ChessBase"]
[SourceQuality "1"]
[TimeControl "40/5400+30:1800+30"]

1. d4 Nf6 2. c4 e6 3. Nc3 d5 4. cxd5 Nxd5 5. e4 Nxc3 6. bxc3 c5 7. Rb1 Be7 8. Nf3 O-O 9. h4 b6 10. h5 h6 11. Rh3 Kh8 12. Rg3 Bb7 13. Bd3 cxd4 14. cxd4 Nc6 15. Qd2 Rg8 16. Kf1 Bd6 17. e5 Be7 18. Qf4 Nb4 19. Rxb4 Bxf3 20. Qxf3 Bxb4 21. Qe4 g6 22. hxg6 f5 23. exf6 Qxf6 24. g7+ Rxg7 25. Qxa8+ 1-0